Map: Beckett Industries LE

Players

Pumba - Winner!

  • Race: Zerg Zerg
  • League: Master
  • Spawn Location: 7:00

ClsClassiC

  • Race: Terran Terran
  • League: Master
  • Spawn Location: 1:00

VOD

Have the link to the VOD?

Description

Time

  • Played on: Sept. 21, 2021, 7:50 p.m.
  • Length: 8:32
Show
View Real Time Build Order
Export as new Build Order

Pumba Zerg - Winner!

Build Orders: Pool First 

Get SALT Encoding   

  12  0:00  Drone  
  13  0:13  Overlord  
  13  0:18  Drone  
  14  0:31  Drone  
  14  0:32  Drone  
  16  0:42  Spawning Pool  
  15  0:44  Drone  
  15  0:49  Drone  
  17  0:58  Drone  
  18  1:12  Hatchery  
  18  1:18  Drone, Extractor  
  17  1:29  Zergling x4  
  19  1:34  Roach Warren  
  18  1:43  Queen  
  20  1:50  Drone  
  20  1:51  Drone  
  22  2:00  Overlord  
  22  2:20  Roach  
  24  2:23  Roach  
  26  2:30  Roach  
  26  2:34  Roach  
  26  2:37  Roach  
  31  2:44  Queen  
  30  2:48  Overlord  
  32  2:53  Drone x2  
  32  2:56  Ravager  
  36  2:58  Drone  
  36  3:04  Overlord  
  36  3:14  Drone x3  
  36  3:19  Drone  
  41  3:20  Drone  
  41  3:24  Drone  
  42  3:42  Drone x2  
  42  3:43  Metabolic Boost, Drone  
  42  3:44  Drone  
  42  3:45  Drone  
  47  4:04  Drone  
  47  4:05  Drone x3  
  47  4:08  Queen  
  51  4:15  Hatchery  
  48  4:22  Lair  
  48  4:23  Spore Crawler  
  43  4:31  Overlord x3  
  40  4:43  Extractor  
  40  4:44  Extractor  
  40  4:45  Extractor  
  37  4:51  Evolution Chamber  
  37  4:52  Drone x3  
  41  4:53  Roach x4  
  41  4:55  Zergling x4  
  51  5:05  Drone  
  51  5:06  Drone  
  53  5:11  Drone x2  
  53  5:13  Overlord  
  55  5:18  Queen  
  57  5:24  Overlord x2  
  57  5:27  Overlord  
  57  5:28  Drone x4  
  61  5:33  Zerg Ground Armor Level 1  
  61  5:39  Zergling x6  
  63  5:48  Zergling x6  
  66  5:53  Ravager  
  66  5:55  Overlord x2  
  66  5:56  Zergling x6  
  70  6:00  Queen  
  70  6:03  Zergling x6  
  75  6:05  Ravager  
  75  6:07  Drone  
  77  6:19  Drone x4  
  77  6:21  Hatchery  
  79  6:32  Zergling x4  
  79  6:33  Zergling x10  
  79  6:36  Drone x2  
  86  6:57  Hatchery  
  86  6:59  Queen x2  
  86  7:01  Spore Crawler x2  
  84  7:02  Spore Crawler  
  79  7:11  Zergling x16  
  83  7:19  Zergling x10  
  83  7:25  Zergling x6  
  83  7:26  Zergling x8  
  86  7:33  Queen  
  86  7:34  Queen  
  86  7:36  Drone x3  
  86  7:38  Spire  
  86  7:42  Spore Crawler  
  84  7:47  Drone x4  
  88  7:56  Queen  
  85  8:03  Drone x6  
  91  8:10  Drone x3  
  89  8:15  Drone x2  
  89  8:16  Drone  
  90  8:21  Spore Crawler x2  
Show
View Real Time Build Order
Export as new Build Order

ClsClassiC Terran 

Build Orders: Reaper Expand, Mech 

Get SALT Encoding   

  12  0:00  SCV  
  13  0:12  SCV  
  14  0:17  Supply Depot  
  14  0:24  SCV  
  15  0:38  SCV  
  15  0:41  Barracks  
  16  0:46  Refinery  
  16  0:50  SCV  
  17  1:02  SCV  
  18  1:15  SCV  
  19  1:29  Orbital Command  
  19  1:30  Reaper  
  20  1:40  Command Center  
  20  1:55  SCV  
  21  2:02  Marine  
  21  2:03  Supply Depot  
  22  2:10  SCV  
  23  2:20  Factory  
  23  2:24  Marine  
  23  2:25  Bunker  
  24  2:32  SCV  
  24  2:45  Barracks Reactor  
  24  2:50  Refinery  
  24  3:01  SCV  
  25  3:07  Starport  
  25  3:13  Orbital Command  
  25  3:14  SCV, Factory Tech Lab  
  26  3:26  SCV  
  27  3:35  Supply Depot, Cyclone, Marine x2  
  32  3:45  Supply Depot  
  32  3:48  Viking  
  33  3:52  SCV  
  33  3:53  Marine  
  35  3:55  Supply Depot  
  35  4:01  SCV  
  31  4:20  SCV x2  
  31  4:34  SCV x2  
  33  4:48  SCV  
  34  4:57  Fusion Core  
  34  5:03  Refinery  
  34  5:06  Refinery  
  34  5:07  SCV x2  
  36  5:16  Supply Depot  
  36  5:20  SCV x2  
  38  5:32  SCV  
  38  5:33  SCV, Command Center  
  40  5:45  SCV x2  
  40  5:49  Battlecruiser  
  48  5:57  SCV x2  
  50  6:09  SCV x2  
  52  6:12  Supply Depot  
  52  6:13  Factory Tech Lab  
  52  6:17  Factory  
  52  6:18  Factory  
  52  6:21  SCV x2  
  48  6:33  SCV x2, Siege Tank  
  53  6:45  SCV  
  42  6:49  Barracks Tech Lab  
  34  7:01  Hellion  
  34  7:02  Hellion  
  34  7:05  Cyclone  
  39  7:17  Orbital Command  
  39  7:21  SCV  
  39  7:22  Hellion  
  30  7:43  SCV x2  
  32  7:55  SCV  
  33  8:00  SCV  
  40  8:07  SCV  
Tags
 
Add a new tag
Caveats
  • Supply blocks, unpowered buildings, or Contaminate may cause inaccurate times.
  • Supply counts are checked every 10 seconds.